 Dungeon Crawl Stone Soup version 0.30.0 (webtiles) character file.

Game seed: 2936857549550858882

60 Ayyar the Chopper (level 3, -6/28 HPs)
             Began as a Demonspawn Gladiator on May 11, 2023.
             Killed by nerve-wracking pain
             ... invoked by Grinder
              (8 damage)
             ... on level 3 of the Dungeon.
             The game lasted 00:05:10 (1398 turns).

Ayyar the Chopper (Demonspawn Gladiator)            Turns: 1398, Time: 00:05:11

Health: -6/28      AC:  4    Str: 16    XL:     3   Next: 82%
Magic:  3/3        EV: 12    Int:  9    God:
Gold:   131        SH:  0    Dex: 14    Spells: 2/2 levels left

rFire   . . .        a - +0 war axe
rCold   . . .        (no shield)
rNeg    . . .        b - +0 leather armour
rPois   .            c - +0 helmet
rElec   .            (no cloak)
rCorr   .            (no gloves)
SInv    .            (no boots)
Will    .....        (no amulet)
Stlth   +            (no ring)
HPRegen 0.24/turn    (no ring)
MPRegen 0.08/turn

%: no passive effects
@: no status effects
A: demonic guardian 1
a: no special abilities


You were on level 3 of the Dungeon.
You visited 1 branch of the dungeon, and saw 3 of its levels.

You collected 131 gold pieces.

Inventory:

Hand Weapons
 a - a +0 war axe (weapon)
Missiles
 d - 2 throwing nets
 e - a javelin
 i - 4 poisoned darts (quivered)
Armour
 b - a +0 leather armour (worn)
 c - a +0 helmet (worn)
Jewellery
 g - a ring of magical power
Scrolls
 k - 2 scrolls of torment {unknown}
 m - 2 scrolls of teleportation {unknown}
 n - 3 scrolls of identify {unknown}
 o - a scroll of immolation {unknown}
 p - 2 scrolls of vulnerability {unknown}
Potions
 f - 5 potions of curing {unknown}
 h - a potion of degeneration {unknown}
 j - 3 potions of brilliance {unknown}
 l - a potion of attraction {unknown}
 q - a potion of magic {unknown}


   Skills:
 + Level 2.7 Fighting
 + Level 3.2 Axes
 + Level 2.4 Throwing
 + Level 3.1 Dodging


You had 2 spell levels left.
You didn't know any spells.
Your spell library contained the following spells:

 Spells                   Type           Power      Damage    Failure   Level
 Necrotise                Necr           0%         1d4       45%         1
 Vampiric Draining        Necr           0%         2d6       83%         3
 Agony                    Necr           0%         N/A       100%        5


Dungeon Overview and Level Annotations

Branches:
Dungeon (3/15)

Altars:

Annotations:
D:3 2 transporters, Grinder; Natasha; PiratePeteNZ's ghost, amateur OpFE


Innate Abilities, Weirdness & Mutations

A weak demonic guardian rushes to your aid.


Message History

Your iron imp hits the gnoll but does no damage.
The gnoll hits your iron imp with a +0 flail!
Your iron imp hits the gnoll.
The gnoll completely misses your iron imp.
The gnoll hits your iron imp but does no damage.
Your iron imp hits the gnoll.
The gnoll hits your iron imp with a +0 flail!
Your iron imp dies!
Your iron imp disappears in a puff of smoke!
There is a stone staircase leading up here.
You climb upwards.
There is a stone staircase leading down here.
There is a stone staircase leading down here.
You climb downwards.
You hear the sound of rushing water.
There is an entrance to a sewer on this level.
Hurry and find it before the portal rusts away!
Level annotation: 2 transporters, Natasha; PiratePeteNZ's ghost, amateur OpFE You hear the slow rusting of a drain very nearby.
Grinder shouts!
You hear a shout!
Found a yellow potion.
There is a stone staircase leading up here.
Throw: 6 darts (poison)
Press: ? - help, Q - select action, (/) - cycle Shift-Dir - straight line, f - Grinder
Aim: Grinder (57% to hit)
You throw a poisoned dart. The poisoned dart hits Grinder.
A hobgoblin comes into view.
Grinder gestures at you. Pain shoots through your body!
Ouch! That really hurt!
* * * LOW HITPOINT WARNING * * *
A demonic guardian appears!
Throw: 5 darts (poison)
Press: ? - help, Q - select action, (/) - cycle Shift-Dir - straight line, f/p - Grinder
Aim: Grinder (ally target, 57% to hit)
You throw a poisoned dart.
The poisoned dart closely misses Grinder.
A giant cockroach comes into view.
Grinder gestures at you. Pain shoots through your body!
You die...

# #.###### .##
#......## ..
#.###.....##.#
#
!......@.....#
.##
..###.5...##.#
... ##...##
... ##5## .g#
..B #(# .#.


You could see Grinder (ally target), a giant cockroach, a hobgoblin and a
friendly shadow imp (summoned).

Vanquished Creatures
  3 dart slugs
  2 ball pythons
  3 endoplasms
  A giant cockroach (D:1)
  2 goblins (D:2)
  7 hobgoblins
  6 jackals
  3 quokkas
  5 bats
  3 frilled lizards (D:1)
  3 kobolds
  2 rats
40 creatures vanquished.

Vanquished Creatures (collateral kills)
  A ball python (D:1)
  An endoplasm (D:1)
  2 hobgoblins (D:1)
  A quokka (D:2)
5 creatures vanquished.

Grand Total: 45 creatures vanquished

Notes
Turn   | Place    | Note
-------+----------+-------------------------------------------
     0 | D:1      | Ayyar the Demonspawn Gladiator began the quest for the Orb.
     0 | D:1      | Reached XP level 1. HP: 16/16 MP: 1/1
    94 | D:1      | Gained mutation: A weak demonic guardian rushes to your
                  | aid. [demonic ancestry]
    94 | D:1      | Reached XP level 2. HP: 21/22 MP: 2/2
   444 | D:1      | Reached XP level 3. HP: 23/28 MP: 3/3
  1285 | D:3      | Found a transporter.
  1285 | D:3      | Noticed an ogre
  1285 | D:3      | Noticed PiratePeteNZ's ghost (amateur OpFE)
  1286 | D:3      | Found a transporter.
  1286 | D:3      | Noticed an ogre
  1287 | D:3      | Noticed an ogre
  1343 | D:3      | Noticed Natasha
  1395 | D:3      | Noticed Grinder
  1396 | D:3      | HP: 1/28 [Grinder/nerve-wracking pain (14)]
  1398 | D:3      | Killed from afar by Grinder

Illustrated notes

Levels and vault maps discovered:
D:1:      eino_arrival_water_cross, layout_rooms
D:2:      layout_basic
D:3:      lemuel_castle_with_subvaults [lemuel_castle_interior_carwin_3],
          layout_loops_ring, kennysheep_orc_sif_temple, gup_sewer_entry_bubbles,
          gammafunk_ghost_smash, kennysheep_generic_room_15, uniq_grinder,
          uniq_natasha

Skill      XL: |  1  2 |
---------------+-------+-----
Throwing       | 2 |  2.4
Axes           | 3 |  3.2
Dodging        | 3 |  3.1
Fighting       | |  2.7

Action                     || total
---------------------------++-------
  Melee: War axe           ||   125
         Punch             ||     1
  Throw: Dart              ||     5
         Throwing net      ||     2
 Armour: Leather armour    ||    58
  Dodge: Dodged            ||   109
